 Dungeon Crawl Stone Soup version 0.19-a0-1815-g4007336 (webtiles) character file.

90 Alarkh the Grave Robber (level 4, -7/30 HPs)
             Began as a Mummy Necromancer on Oct 5, 2016.
             Was a Follower of Ashenzari.
             Splashed by an orc wizard's acid (12 damage)
             ... on level 3 of the Dungeon.
             The game lasted 00:03:30 (2268 turns).

Alarkh the Grave Robber (Mummy Necromancer)         Turns: 2268, Time: 00:03:31

Health: -7/30      AC:  0    Str: 11    XL:     4   Next: 32%
Magic:  3/8        EV: 12    Int: 15    God:    Ashenzari [*.....]
Gold:   108        SH:  0    Dex: 12    Spells: 2 memorised, 5 levels left

rFire  x . .     SeeInvis .     c - +0 short sword
rCold  + . .     Gourm    .     a - +0 robe
rNeg   + + +     Faith    .     (no shield)
rPois  ∞         Spirit   .     j - +0 helmet
rElec  .         Dismiss  .     (no cloak)
rCorr  .         Reflect  .     (no gloves)
MR     .....     Harm     .     o - +0 pair of boots
Stlth  ++........               (no amulet)
                                (no ring)
                                (no ring)

@: corroded
A: no food or potions, fire vulnerability, cold resistance 1, negative energy
resistance 3, torment resistance, unbreathing
a: Curse Item, Scrying, Renounce Religion


You were on level 3 of the Dungeon.
You worshipped Ashenzari.
Ashenzari was aware of your devotion.
You were not hungry.

You visited 1 branch of the dungeon, and saw 3 of its levels.

You collected 108 gold pieces.

Inventory:

Hand Weapons
 c - a +0 short sword (weapon)
 r - a +0 mace
Armour
 a - a +0 robe (worn)
 j - a +0 helmet (worn)
 o - a +0 pair of boots (worn)
Wands
 p - a wand of polymorph (9/24)
Scrolls
 d - a scroll of blinking {unknown}
 e - a scroll of remove curse
 f - a scroll of amnesia {unknown}
 g - a scroll of magic mapping
 h - a scroll of recharging {unknown}
 i - a scroll of noise {unknown}
 k - a scroll of teleportation
 l - a scroll of identify {unknown}
 m - a scroll of fear {unknown}
 n - 2 scrolls of fog {unknown}
Books
 b - a book of Necromancy

   Spells                             Type                      Level
   a - Pain                           Necromancy                   1
   b - Animate Skeleton               Necromancy                   1
   c - Vampiric Draining              Necromancy                   3
   d - Regeneration                   Charms/Necromancy            3
   e - Animate Dead                   Necromancy                   4
   f - Control Undead                 Necromancy                   4
 q - a book of Changes

   Spells                             Type                      Level
   a - Beastly Appendage              Transmutation                1
   b - Sticks to Snakes               Transmutation                2
   c - Spider Form                    Transmutation/Poison         3
   d - Ice Form                       Ice/Transmutation            4
   e - Blade Hands                    Transmutation                5


   Skills:
 - Level 1.5 Dodging
 - Level 1.5 Stealth
 + Level 3.3 Spellcasting
 + Level 5.0 Necromancy


You had 5 spell levels left.
You knew the following spells:

 Your Spells              Type           Power        Failure   Level  Hunger
a - Pain                  Necr           ###.         2%          1    N/A
b - Vampiric Draining     Necr           ###.......   10%         3    N/A

Dungeon Overview and Level Annotations

Branches:
Dungeon (3/15)

Altars:
Ashenzari
Kikubaaqudgha


Innate Abilities, Weirdness & Mutations

You do not eat or drink.
Your flesh is vulnerable to fire.
You are immune to poison.
Your flesh is cold resistant. (rC+)
You are immune to negative energy. (rN+++)
You are immune to unholy pain and torment.
You can survive without breathing.


Message History

The orc writhes in agony!
You kill the orc!
Casting: Pain
Confirm with . or Enter, or press ? or * to list all spells.
You can't see any susceptible monsters within range! (Use Z to cast anyway.)
Items here: ) ? [ † an uncursed mace; an uncursed robe; a scroll labeled UTWARI ZAPP; an orc corpse
r - an uncursed mace
Casting: Pain
Confirm with . or Enter, or press ? or * to list all spells.
Aiming: Pain
Press: ? - help, Shift-Dir - straight line, f - orc wizard
Aim: an orc wizard, wielding a dagger, wearing a robe and carrying a wand of acid (hasn't noticed you, chance to defeat MR: 76%)
The orc wizard shouts!
The orc wizard barely resists.
The orc wizard zaps a wand.
The bolt of acid hits you!
Ouch! That really hurt!
* * * LOW HITPOINT WARNING * * *
The acid corrodes you!
You are splashed with acid!
The acid burns!
You die...

#..........###..###....*
#.................#,..#*
#....<.........##.....#*
#...............###....,
#####.#..##............,
#....##.##....##......,
#.#####.##....##.....#,
###.#####.##......,..##*,
#.......@..#.......,...,,
#########.).>..........,,
*####.o(.##.....#,,,,,
**#.....#.###.....,,**,,
*...####..........*****,
*.***#.....##....#* **
*,,....###..*,,..# *,
***####* ##.#,,,,# *,
*.#,,,,******,


You could see an orc wizard.

Vanquished Creatures
  An adder (D:2)
  3 oozes (D:1)
  2 worms (D:2)
  5 leopard geckos
  2 orcs (D:3)
  3 giant cockroaches (D:1)
  5 goblins
  8 hobgoblins
  3 jackals
  5 bats
  5 frilled lizards
  7 kobolds
  4 rats
53 creatures vanquished.

Notes
Turn   | Place    | Note
-------+----------+-------------------------------------------
     0 | D:1      | Alarkh the Mummy Necromancer began the quest for the Orb.
     0 | D:1      | Reached XP level 1. HP: 13/13 MP: 3/3
     3 | D:1      | Noticed an electric eel
     3 | D:1      | Noticed an electric eel
   176 | D:1      | Reached XP level 2. HP: 16/19 MP: 0/5
   800 | D:1      | Reached XP level 3. HP: 20/24 MP: 1/7
   805 | D:1      | Learned a level 3 spell: Vampiric Draining
  1395 | D:2      | Found a faded altar of an unknown god.
  1421 | D:2      | Became a worshipper of Ashenzari the Shackled
  1421 | D:2      | Reached * piety under Ashenzari
  1429 | D:2      | Reached XP level 4. HP: 29/30 MP: 2/8
  1517 | D:2      | Found an ancient bone altar of Kikubaaqudgha.
  1697 | D:2      | Reached skill level 5 in Necromancy
  2268 | D:3      | Splashed by an orc wizard's acid

Vault maps used:
D:1:      arrival_aquarium_b
D:2:      lemuel_round_altar, ecumenical_altar_1
D:3:      minmay_wonky_spiral, first_bread

Skill      XL: |  1  2  3  4 |
---------------+-------------+-----
Spellcasting   | 3 |  3.3
Necromancy     | 5 |  5.0
Dodging        | |  1.5
Stealth        | |  1.5

Action                   |  1- 3 |  4- 6 || total
-------------------------+-------+-------++-------
Melee: Unarmed           |     1 |       ||     1
       Short sword       |    18 |     4 ||    22
 Cast: Pain              |    80 |    35 ||   115
  Use: Scroll            |       |     2 ||     2
 Stab: Sleeping          |     1 |       ||     1
Armor: Robe              |    12 |    15 ||    27
Dodge: Dodged            |    31 |    19 ||    50
